 Dungeon Crawl Stone Soup version 0.28-a0-1143-gcf6077d4cc (webtiles) character file.

Game seed: 11224151147134243683

114 flotson the Chopper (level 4, -1/26 (29) HPs)
             Began as a Tengu Berserker on Dec 13, 2021.
             Was a Believer of Trog.
             Slain by a wight (5 damage)
             ... on level 3 of the Dungeon.
             The game lasted 00:03:31 (2908 turns).

flotson the Chopper (Tengu Berserker)               Turns: 2908, Time: 00:03:32

HP:   -1/26 (29)    AC:  3    Str: 20    XL:     4   Next: 97%
MP:   5/5           EV: 12    Int:  7    God:    Trog [**....]
Gold: 121           SH:  0    Dex: 13    Spells: 3/3 levels left

rFire   . . .      SeeInvis .   a - +0 hand axe
rCold   . . .      Faith    .   (no shield)
rNeg    + . .      Spirit   .   e - +0 leather armour
rPois   .          Reflect  .   (helmet restricted)
rElec   .          Harm     .   (no cloak)
rCorr   .          Rampage  .   (no gloves)
Will    .....                   (boots unavailable)
Stlth   +.........              u - amulet of the acrobat
HPRegen 0.08/turn               q - ring of positive energy
MPRegen 0.09/turn               (no ring)

@: heavily drained
A: beak, talons 3
a: Renounce Religion, Berserk, Trog's Hand


You were on level 3 of the Dungeon.
You worshipped Trog.
Trog was pleased with you.
You visited 1 branch of the dungeon, and saw 4 of its levels.

You collected 121 gold pieces.

Inventory:

Hand Weapons
 a - a +0 hand axe (weapon)
Missiles
 v - 7 poisoned darts (quivered)
Armour
 e - a +0 leather armour (worn)
Jewellery
 m - an amulet of guardian spirit
 q - a ring of positive energy (left hand)
 u - an amulet of the acrobat (around neck)
Wands
 r - a wand of paralysis (11)
 t - a wand of flame (22)
Scrolls
 g - 2 scrolls of magic mapping {unknown}
 i - 2 scrolls of identify {unknown}
 o - a scroll of noise {unknown}
 s - a scroll of holy word {unknown}
Potions
 b - a potion of lignification {unknown}
 c - a potion of attraction {unknown}
 d - 2 potions of curing {unknown}
 f - 2 potions of might {unknown}
 h - a potion of ambrosia {unknown}
 j - a potion of mutation {unknown}
 k - 2 potions of degeneration {unknown}
 l - a potion of heal wounds {unknown}
 n - 2 potions of cancellation {unknown}
 p - 2 potions of magic {unknown}


   Skills:
 + Level 3.7 Fighting
 + Level 4.1 Axes
 + Level 0.0 Throwing
 + Level 3.3 Armour
 + Level 3.2 Dodging
 + Level 0.0 Evocations


You had 3 spell levels left.
You didn't know any spells.
Your spell library was empty.

Dungeon Overview and Level Annotations

Branches:
Dungeon (4/15)
 Temple: D:4-7

Altars:
Nemelex Xobeh
Yredelemnul
The Shining One

Shops:
D:2 [   D:3 [


Innate Abilities, Weirdness & Mutations

You have a beak for a mouth.
You have claws for feet.


Message History

Okay, then.
Unknown command.
You climb upwards.
There is a stone staircase leading down here.
There is a stone staircase leading down here.
You climb downwards.
Found a stone staircase leading down.
There is a stone staircase leading up here.
Okay, then.
The endoplasm quivers.
The wight misses you.
You climb upwards.
There is a stone staircase leading down here.
You barely miss the wight. You claw the wight, but do no damage.
You peck the wight, but do no damage. The wight barely misses you.
The wight closely misses you.
You barely miss the wight. Your kick misses the wight.
Your peck misses the wight.
The wight hits you with a +2 mace of freezing!
You partially resist.
You feel drained. The wight freezes you.
You closely miss the wight. Your kick misses the wight.
Your peck misses the wight. The wight barely misses you.
You hit the wight. You claw the wight.
The wight is heavily damaged.
The wight closely misses you.
You barely miss the wight. You claw the wight.
You peck the wight, but do no damage.
The wight is severely damaged.
The wight hits you but does no damage.
You hit the wight. Your kick misses the wight. Your peck misses the wight.
The wight is severely damaged.
The wight misses you.
You closely miss the wight. You claw the wight. Your peck misses the wight.
The wight is almost destroyed.
The wight hits you with a +2 mace of freezing!
* * * LOW HITPOINT WARNING * * *
You partially resist.
You feel drained.
* * * LOW HITPOINT WARNING * * *
The wight freezes you.
You die...

.......##÷####÷.##
#.......≈≈≈≈≈.
........##.##..##
#........≈≈≈..
.........##...##
########.##...
.........######
##########......
.........#.#..#
##..........#....
.............##
#..#######.######
...........######.## ####.#
### ).......<#.#
#z..#####....# #§.
#..........####.@.......####
#._
##.....##........#.######
#.. ###..###.#(....#..# ###
#...# #...#.....#### #####
#.#.###.....#......## #...#
###.........##..####..###
#...# #..............##
##...### #...#
............####
###...####... ..#.##...####
###..###.#.


You could see a wight.

Vanquished Creatures
  3 adders
  6 dart slugs
  An orc (D:3)
  4 ball pythons
  11 bats
  7 endoplasms
  2 giant cockroaches (D:1)
  4 hobgoblins
  6 jackals
  5 quokkas
  3 frilled lizards
  8 goblins
  5 kobolds
  2 rats (D:1)
67 creatures vanquished.

Vanquished Creatures (others)
  An endoplasm (D:3)
1 creature vanquished.

Grand Total: 68 creatures vanquished

Notes
Turn   | Place    | Note
-------+----------+-------------------------------------------
     0 | D:1      | flotson the Tengu Berserker began the quest for the Orb.
     0 | D:1      | Reached XP level 1. HP: 14/14 MP: 2/2
   126 | D:1      | Reached XP level 2. HP: 19/19 MP: 3/3
   377 | D:1      | Reached XP level 3. HP: 21/23 MP: 4/4
   548 | D:1      | Found a faded altar of an unknown god.
  1101 | D:2      | Reached ** piety under Trog
  1102 | D:2      | Reached XP level 4. HP: 15/28 MP: 5/5
  1605 | D:2      | Found Zuyngy's Armour Emporium.
  1921 | D:3      | Reached skill level 4 in Axes
  1981 | D:3      | Found Vahiumpa's Armour Emporium.
  2035 | D:3      | Found a basalt altar of Yredelemnul.
  2327 | D:3      | Found a sparkling altar of Nemelex Xobeh.
  2663 | D:3      | Found a glowing golden altar of the Shining One.
  2908 | D:3      | Slain by a wight

Illustrated notes

Levels and vault maps discovered:
D:1:      dpeg_arrival_leaves_temple_mockup, layout_basic,
          ebering_ecumenical_altar_hall, supply_closet_lemuel, minmay_bisected
D:2:      layout_loops_ring, serial_shops, shop
D:3:      layout_rooms, grunt_temple_overflow_holy_war,
          nemelex_spade_bored_becter, serial_shops, nicolae_shop_waterfront,
          wander_ebering_terrifying_dragon_lair
D:4:      layout_basic, zin_purify, uniq_eustachio

Skill      XL: |  1  2  3  4 |
---------------+-------------+-----
Armour         | 3 |  3.3
Dodging        | 3 |  3.2
Axes           | 4 |  4.1
Fighting       | |  3.7

Action                   |  1- 3 |  4- 6 || total
-------------------------+-------+-------++-------
Melee: Hand axe          |    67 |    76 ||   143
       Kick              |    20 |    20 ||    40
       Peck              |     6 |    12 ||    18
 Stab: Sleeping          |     1 |     1 ||     2
Armor: Leather armour    |    20 |    24 ||    44
Dodge: Dodged            |    50 |    81 ||   131

Table legend: (Time is in decaauts)
 A = Elapsed time spent in this place.
 B = Non-inter-level travel time spent in this place.
 C = Inter-level travel time spent in this place.
 D = Time resting spent in this place.
 E = Time spent auto-exploring this place.
 F = Levels seen in this place.
 G = Mean time per level.
                   A        B        C        D        E       F      G
               +--------+--------+--------+--------+--------+-----+--------+
         Total |   2924 |   2832 |     92 |      0 |   2404 |   4 |  731.0 |
       Dungeon |   2924 |   2832 |     92 |      0 |   2404 |   4 |  731.0 |
               +--------+--------+--------+--------+--------+-----+--------+

Top non-repeatable levels by time:
     D:1: 1080 daAuts
     D:2: 845 daAuts
     D:3: 800 daAuts
     D:4: 198 daAuts
